 Dungeon Crawl Stone Soup version 0.23-a0-79-gaa8cc03057 (webtiles) character file.

42 MrRokkomies the Ducker (level 3, 0/17 HPs)
             Began as a Felid Abyssal Knight on Aug 11, 2018.
             Was a Follower of Lugonu.
             Slain by a worm (8 damage)
             ... on level 2 of the Dungeon.
             The game lasted 00:07:24 (2144 turns).

MrRokkomies the Ducker (Felid Abyssal Knight)       Turns: 2144, Time: 00:07:25

Health: 0/17       AC:  1    Str:  8    XL:     3   Next: 35%
Magic:  5/5        EV: 19    Int: 14    God:    Lugonu [*.....]
Gold:   158        SH:  0    Dex: 15    Spells: 2/2 levels left
                                        Lives:  0   Deaths: 0

rFire    . . .     SeeInvis +     - Unarmed
rCold    . . .     Gourm    .   (shield unavailable)
rNeg     . . .     Faith    .   (armour unavailable)
rPois    .         Spirit   .   (helmet unavailable)
rElec    .         Reflect  .   (cloak unavailable)
rCorr    .         Harm     .   (gloves unavailable)
MR       .....                  (boots unavailable)
Stlth    ++........             (no amulet)
HPRegen  0.05/turn              (no ring)
MPRegen  0.09/turn              (no ring)

@: quick
A: very small, no armour, no weapons or thrown items, stealth, claws 1, fangs 3,
see invisible, carnivore, speed 1, shaggy fur 1, slow metabolism 1, sharp paws
a: Depart the Abyss, Renounce Religion


You were on level 2 of the Dungeon.
You worshipped Lugonu.
Lugonu was aware of your devotion.
You were not hungry.

You visited 1 branch of the dungeon, and saw 2 of its levels.
You visited the Abyss 1 time.

You collected 158 gold pieces.

Inventory:

Scrolls
 b - 2 scrolls of magic mapping
 h - a scroll of remove curse
Potions
 c - a potion of cancellation {unknown}
 d - a potion of mutation {unknown}
 e - a potion of brilliance
 f - a potion of haste {unknown}
 i - 2 potions of might
 k - a potion of lignification {unknown}
 l - a potion of ambrosia {unknown}
 m - 3 potions of curing
Comestibles
 a - 5 rations


   Skills:
 - Level 3.0 Fighting
 + Level 3.8 Dodging
 * Level 3.1 Unarmed Combat
 * Level 2.2 Invocations


You had 2 spell levels left.
You didn't know any spells.
Your spell library was empty.

Dungeon Overview and Level Annotations

Branches:
Dungeon (2/15)

Altars:

Annotations:
D:2 Sigmund


Innate Abilities, Weirdness & Mutations

You cannot wear armour.
You are incapable of wielding weapons or throwing items.
Your paws allow you to move quietly. (Stealth)
You have sharp claws.
You have razor-sharp teeth.
You have supernaturally acute eyesight. (SInv)
You are carnivorous and can eat meat at any time.
You cover ground quickly.
You are covered in fur. (AC +1)
You have a slow metabolism.
Your sharp claws are effective at attacking unaware monsters.


Message History

You are too injured to fight recklessly!
You scratch the worm but do no damage. You bite the worm.
The worm is heavily wounded.
You scratch the worm.
The worm is severely wounded.
The worm misses you.
You scratch the worm.
The worm is severely wounded.
The worm misses you.
You scratch the worm but do no damage.
The worm is severely wounded.
You scratch the worm. You bite the worm, but do no damage.
The worm is almost dead.
The worm misses you.
You scratch the worm.
The worm is almost dead.
You scratch the worm.
The worm is almost dead.
The worm bites you!
You die...

*#.# *,#.).....# *,*
*#######.###.#.......# *,*
*..........#.#.......# *,*
*..........#.#.......# *,***
*..........#.#.......# *,,,,
*.....(....#.........########
*..........#.........(.......
*..........#........#########
*.(.....†...@w......#
*.......†...........#
*...........>.......#
*..........##.......#
*####################


You could see a worm.

Vanquished Creatures
  A dart slug (D:1)
  2 leopard geckos (D:1)
  A ball python (D:2)
  5 bats
  3 giant cockroaches (D:2)
  6 goblins
  3 hobgoblins (D:1)
  2 jackals (D:2)
  3 kobolds
  3 frilled lizards (D:2)
  7 rats
36 creatures vanquished.

Notes
Turn   | Place    | Note
-------+----------+-------------------------------------------
     0 | Abyss:1  | MrRokkomies the Felid Abyssal Knight began the quest for the Orb.
     0 | Abyss:1  | Reached XP level 1. HP: 10/10 MP: 3/3
     0 | Abyss:1  | Found a corrupted altar of Lugonu.
    32 | Abyss:2  | Noticed an apocalypse crab
    50 | Abyss:2  | Noticed a small abomination
    50 | Abyss:2  | Noticed a large abomination
   104 | Abyss:3  | Noticed a wretched star
   104 | Abyss:3  | Noticed a raiju
   105 | Abyss:3  | Noticed a large abomination
   114 | Abyss:3  | Noticed a ynoxinul
   121 | Abyss:4  | Found a corrupted altar of Lugonu.
   124 | Abyss:4  | Found a corrupted altar of Lugonu.
   147 | Abyss:4  | Noticed a tentacled starspawn
   184 | Abyss:4  | Found a corrupted altar of Lugonu.
   191 | Abyss:4  | Noticed an ancient zyme
   207 | Abyss:4  | Noticed an ancient zyme
   208 | Abyss:4  | Noticed a shadow wraith
   208 | D:1      | Escaped the Abyss
   335 | D:1      | Reached XP level 2. HP: 14/14 MP: 4/4
  1025 | D:1      | Reached * piety under Lugonu
  1585 | D:2      | Reached XP level 3. HP: 17/17 MP: 5/5
  1962 | D:2      | Noticed Sigmund
  2144 | D:2      | Slain by a worm

Vault maps used:
D:1:      enne_arrival_octagon_isle, minmay_misc_feat_enclosed
D:2:      uniq_sigmund
Abyss:1:  hangedman_abyss_stitches_cave, bh_abyss_exit_choice
Abyss:2:  hangedman_abyss_feature_spike, bh_abyss_xom_lugonu_altar
Abyss:3:  bh_abyss_exit_grid, evilmike_abyss_exit_4

Skill      XL: |  1  2  3 |
---------------+----------+-----
Invocations    | 2 |  2.2
Unarmed Combat | 3 |  3.1
Fighting       | |  3.0
Dodging        | |  3.8

Action                   || total
-------------------------++-------
Melee: Unarmed           ||   135
       Bite              ||    10
       Punch             ||     1
Invok: Depart the Abyss  ||     1
  Use: Potion            ||     3
       Scroll            ||     7
 Stab: Sleeping          ||     4
  Eat: Chunk             ||     1
Armor: Skin              ||    11
Dodge: Dodged            ||   131

Table legend:
 A = Non-vault XP
 B = Vault XP
 C = Vault XP percentage of total XP
 D = Non-vault monster count
 E = Vault monster count
 F = Vault count percentage of total count
 G = Total turns spent on level
                 A         B        C        D         E       F
            +---------+---------+-------+---------+---------+-------
      Total |      61 |       0 |   0.0 |      36 |       0 |   0.0
            +---------+---------+-------+---------+---------+-------
        D:1 |      36 |       0 |   0.0 |      19 |       0 |   0.0
        D:2 |      25 |       0 |   0.0 |      17 |       0 |   0.0
            +---------+---------+-------+---------+---------+-------
